 Dungeon Crawl Stone Soup version 0.14.0-12-g87ee3b7 (webtiles) character file.

1206 Leibowitz the Nimble (level 8, -3/61 HPs)
             Began as a Merfolk Gladiator on Apr 16, 2014.
             Slain by Blork the orc
             ... wielding a +1,+1 flail of protection
              (13 damage)
             ... on Level 4 of the Dungeon.
             The game lasted 00:24:21 (4778 turns).

Leibowitz the Nimble (Merfolk Gladiator)            Turns: 4778, Time: 00:24:22

HP  -3/61        AC  5     Str 20      XL: 8   Next: 24%
MP   8/8         EV 19     Int  7      God:
Gold 171         SH  0     Dex 17      Spells:  0 memorised,  7 levels left

rFire  . . .     SeeInvis .     a - +1,+0 trident
rCold  . . .     Clarity  .     E - +1 robe {rN+}
rNeg   + . .     Conserve .     (no shield)
rPois  .         rCorr    .     c - +0 helmet
rElec  .         rRot     .     (no cloak)
SustAb . .       Spirit   .     j - +0 pair of gloves
rMut   .         Warding  .     (no boots)
Saprov . . .     Stasis   .     (no amulet)
MR     .....                    (no ring)
                                B - ring of teleport control

@: mighty, very slightly contaminated, hasted, very quick, not resistant to
hostile enchantments, fairly stealthy
A: change form in water, swift swim
a: Evoke Teleport Control


You were on level 4 of the Dungeon.
You were not hungry.

You visited 1 branch of the dungeon, and saw 4 of its levels.
You also visited: Sewer.

You collected 171 gold pieces.

Inventory:

Hand weapons
 a - a +1,+0 trident (weapon)
Missiles
 d - a throwing net (quivered)
 m - 16 stones
 p - 8 needles of slowing
 s - 13 poisoned needles
Armour
 c - a +0 helmet (worn)
 j - a +0 pair of gloves (worn)
 E - a +1 robe of positive energy (worn)
Magical devices
 b - a wand of disintegration (4)
 g - a wand of cold (10)
Comestibles
 f - 2 bread rations
 o - a rotting chunk of worm flesh
 q - a chunk of rat flesh
 u - 2 pears
Scrolls
 e - 5 scrolls of identify
 i - 2 scrolls of teleportation
 k - a scroll of enchant weapon I
 n - 2 scrolls of fear
 x - a scroll of blinking
 y - 2 scrolls of magic mapping
Jewellery
 B - a ring of teleport control (left hand)
Potions
 h - 3 potions of curing
 l - a potion of agility
 v - 2 potions of magic
 z - a potion of haste
 A - a potion of brilliance


   Skills:
 * Level 4.7 Fighting
 + Level 7.0 Polearms
 + Level 2.0 Throwing
 + Level 2.1 Armour
 * Level 9.5 Dodging
 + Level 1.6 Stealth


You had 7 spell levels left.
You didn't know any spells.

Dungeon Overview and Level Annotations

Branches:
Dungeon (4/15)
 Temple: D:4-7

Altars:

Annotations:
D:4 Blork the orc


Message History

You barely miss Blork the orc.
Blork the orc is heavily wounded.
Blork the orc hits you with a glowing flail.
* * * LOW HITPOINT WARNING * * *
You barely miss Blork the orc.
Blork the orc is heavily wounded.
Blork the orc barely misses you.
You puncture Blork the orc!
Blork the orc is almost dead.
You hit Blork the orc but do no damage.
Blork the orc is almost dead.
Blork the orc closely misses you.
You barely miss Blork the orc.
Blork the orc is almost dead.
Blork the orc hits you with a glowing flail!
* * * LOW HITPOINT WARNING * * *
You completely miss Blork the orc.
Blork the orc is almost dead.
Blork the orc hits you with a glowing flail!
You die...

*** ####* ### *,# *#.#.###.##
*.#**** ***
*,#...#.#.####.#,*,***,*
***,,#....##....#,*,,**,**
**,,###...###...##*,,***,,*
*,,*#.#...# #...@#.#*,*,***
,##..#....###....o...#*,* ****
*#...........###.(.....#***,,**
*#..........## ##.......##,**,*
,*#.........# #.........,*#**
**##........## ##.........#*.##
*
##....%...###...........#..#**
* #.........(.............#.#,,
**
##.........................#.*


You could see Blork the orc.

Vanquished Creatures
  Eustachio (D:4)
  A phantom (D:3)
  Sigmund (D:2)
  2 giant frogs (Sewer)
  2 orc priests (D:3)
  A hound (D:3)
  3 orc wizards (D:4)
  5 worker ants (D:4)
  Ijyb (D:4)
  5 adders
  10 green rats (Sewer)
  4 giant mites
  2 worms
  A giant eyeball (D:4)
  A giant gecko (D:1)
  10 orcs
  16 ball pythons
  A bat skeleton (D:4)
  9 giant cockroaches
  6 goblins
  6 hobgoblins
  15 jackals
  13 kobolds
  2 oozes
  2 quokkas
  9 bats
  8 giant newts
  29 rats
166 creatures vanquished.

Notes
Turn   | Place    | Note
--------------------------------------------------------------
     0 | D:1      | Leibowitz, the Merfolk Gladiator, began the quest for the Orb.
     0 | D:1      | Reached XP level 1. HP: 16/16 MP: 1/1
    46 | D:1      | Reached XP level 2. HP: 9/23 MP: 2/2
   659 | D:1      | Reached XP level 3. HP: 28/28 MP: 3/3
   682 | D:1      | Reached skill level 5 in Polearms
   884 | D:2      | Noticed Sigmund
  1282 | D:2      | Reached skill level 5 in Dodging
  1354 | D:2      | Reached XP level 4. HP: 31/34 MP: 4/4
  1507 | D:2      | Killed Sigmund
  1507 | D:2      | Reached skill level 1 in Armour
  1507 | D:2      | Reached XP level 5. HP: 30/41 MP: 5/5
  2044 | D:3      | Paralysed by a potion of paralysis for 7 turns
  2058 | D:3      | Reached XP level 6. HP: 30/47 MP: 6/6
  2141 | D:3      | Reached skill level 6 in Dodging
  2240 | D:3      | Found a glowing drain.
  2249 | Sewer    | Entered a sewer
  2455 | Sewer    | Reached skill level 1 in Stealth
  2684 | Sewer    | Reached skill level 7 in Dodging
  2691 | Sewer    | Reached XP level 7. HP: 22/54 MP: 7/7
  3693 | D:4      | Noticed Eustachio
  3734 | D:3      | Reached skill level 8 in Dodging
  3885 | D:4      | Paralysed by a giant eyeball for 2 turns
  3912 | D:4      | Paralysed by a giant eyeball for 2 turns
  3916 | D:4      | Paralysed by a giant eyeball for 4 turns
  3923 | D:4      | Paralysed by a giant eyeball for 4 turns
  3930 | D:4      | Paralysed by a giant eyeball for 4 turns
  3936 | D:4      | Paralysed by a giant eyeball for 2 turns
  4168 | D:4      | Killed Eustachio
  4168 | D:4      | Reached skill level 9 in Dodging
  4168 | D:4      | Reached XP level 8. HP: 21/61 MP: 8/8
  4399 | D:4      | Noticed Ijyb
  4434 | D:4      | Killed Ijyb
  4669 | D:4      | Noticed Blork the orc
  4778 | D:4      | Slain by Blork the orc

Action                   |  1- 3 |  4- 6 |  7- 9 || total
-------------------------+-------+-------+-------++-------
Melee: Trident           |   145 |   272 |   297 ||   714
Throw: Throwing net      |       |     4 |     2 ||     6
Evoke: Wand              |       |       |     3 ||     3
  Use: Potion            |     2 |    10 |     4 ||    16
       Scroll            |       |       |    10 ||    10
 Stab: Sleeping          |     2 |     1 |     3 ||     6
       Held in net/web   |       |     2 |     1 ||     3
